 Dungeon Crawl Stone Soup version 0.25.0-46-gbd7b0854d2 (webtiles) character file.

Game seed: 11887281474732661006

800 Curus the Carver (level 7, -1/56 HPs)
             Began as a Minotaur Gladiator on July 14, 2020.
             Slain by a centaur (7 damage)
             ... on level 5 of the Dungeon.
             The game lasted 00:17:08 (3721 turns).

Curus the Carver (Minotaur Gladiator)               Turns: 3721, Time: 00:17:09

Health: -1/56      AC:  9    Str: 26    XL:     7   Next: 59%
Magic:  6/6        EV: 12    Int:  7    God:
Gold:   238        SH:  0    Dex: 14    Spells: 6/6 levels left

rFire    + + .     SeeInvis .   q - +0 scimitar
rCold    . . .     Gourm    .   (no shield)
rNeg     . . .     Faith    .   j - +1 ring mail of Pifraw {rF++} (curse)
rPois    .         Spirit   .   c - +0 hat
rElec    .         Reflect  .   t - +2 cloak
rCorr    .         Harm     .   (no gloves)
MR       +....                  (no boots)
Stlth    +.........             (no amulet)
HPRegen  0.18/turn              s - ring of protection from magic
MPRegen  0.10/turn              k - +6 ring of strength

@: mighty
A: retaliatory headbutt, horns 2, agile 1, strong 1
a: no special abilities


You were on level 5 of the Dungeon.
You were not hungry.

You visited 1 branch of the dungeon, and saw 5 of its levels.

You collected 238 gold pieces.

Inventory:

Hand Weapons
 a - a +0 long sword
 q - a +0 scimitar (weapon)
Missiles
 d - 4 throwing nets (quivered)
Armour
 b - a +0 leather armour
 c - a +0 hat (worn)
 j - the cursed +1 ring mail of Pifraw (worn) {rF++}
   (You found it on level 4 of the Dungeon)

   It greatly protects you from fire.
   It has a curse placed upon it.
 t - a +2 cloak (worn)
Jewellery
 g - an uncursed ring of magical power
 k - a +6 ring of strength (right hand)
 m - an uncursed ring of flight
 o - an uncursed ring of magical power
 s - a ring of protection from magic (left hand)
Scrolls
 h - 2 scrolls of remove curse
 l - a scroll of teleportation
 n - 6 scrolls of identify
 p - a scroll of amnesia
Potions
 e - a potion of curing
 i - 2 potions of resistance
 u - 2 potions of haste
Comestibles
 f - 9 rations
 v - 2 chunks of flesh


   Skills:
 - Level 2.4 Fighting
 + Level 10.7 Long Blades
 - Level 2.0 Throwing
 - Level 3.2 Dodging


You had 6 spell levels left.
You didn't know any spells.
Your spell library contained the following spells:

 Spells                   Type           Power        Failure   Level  Hunger
 Summon Butterflies       Summ           #.......     56%         1    ##.....
 Call Canine Familiar     Summ           #.......     91%         3    ####...
 Summon Ice Beast         Ice/Summ       #.......     100%        4    #####..
 Summon Mana Viper        Hex/Summ       #.......     100%        5    ######.
 Summon Hydra             Summ           #.........   100%        7    #######


Dungeon Overview and Level Annotations

Branches:
Dungeon (5/15)
 Temple: D:4-7

Altars:
Vehumet


Innate Abilities, Weirdness & Mutations

You reflexively headbutt those who attack you in melee.
You have a pair of horns on your head.
You are agile. (Dex +2)
Your muscles are strong. (Str +2)


Message History

Prince Ribbit mumbles some strange words.
Prince Ribbit looks slightly unstable.
Unknown command.
You feel very mighty all of a sudden. The centaur closely misses you.
Prince Ribbit closely misses you.
You riposte.
You closely miss Prince Ribbit.
Prince Ribbit is almost dead.
The centaur hits you but does no damage.
Prince Ribbit hits you but does no damage.
You closely miss Prince Ribbit.
Prince Ribbit is almost dead.
The centaur hits you.
* * * LOW HITPOINT WARNING * * *
Prince Ribbit closely misses you. You furiously retaliate!
You headbutt Prince Ribbit!
You kill Prince Ribbit!
You closely miss the centaur. You headbutt the centaur!!
The centaur is almost dead.
The centaur hits you!
You die...

#.....###.#.###.....
#.....# #.#.###.####
####### #.......#
######## ###.#####
#......#######.#
#....... ...##.#
......####.##.#
#.c.#.......#
#<##..@..##.####
#.....(####.#
#.###..####.#
#...........# ####
#############
######... #...##.##
###...##.##
#........##
#........##


You could see a centaur.

Vanquished Creatures
  Prince Ribbit (D:5)
  A black bear (D:5)
  Blork the orc (D:4)
  A scorpion (D:4)
  A howler monkey (D:4)
  A crimson imp (D:2)
  A hound (D:4)
  A bullfrog zombie (D:5)
  An iguana (D:5)
  An orc wizard (D:5)
  A worker ant (D:5)
  Robin (D:3)
  5 adders
  2 oozes
  2 worms
  3 dart slugs
  5 leopard geckos
  12 orcs
  A ball python (D:5)
  7 bats
  7 giant cockroaches
  17 goblins
  8 hobgoblins
  2 jackals (D:1)
  A quokka (D:2)
  5 frilled lizards
  9 kobolds
  8 rats
106 creatures vanquished.

Notes
Turn   | Place    | Note
-------+----------+-------------------------------------------
     0 | D:1      | Curus the Minotaur Gladiator began the quest for the Orb.
     0 | D:1      | Reached XP level 1. HP: 18/18 MP: 0/0
    21 | D:1      | Reached skill level 4 in Long Blades
   207 | D:1      | Reached XP level 2. HP: 25/25 MP: 1/1
   313 | D:1      | Reached skill level 5 in Long Blades
   447 | D:1      | Reached XP level 3. HP: 29/30 MP: 2/2
   497 | D:1      | Gained mutation: You are agile. (Dex +2) [potion of
                  | mutation]
   497 | D:1      | Gained mutation: Your muscles are strong. (Str +2) [potion
                  | of mutation]
  1015 | D:2      | Reached skill level 6 in Long Blades
  1015 | D:2      | Reached XP level 4. HP: 34/37 MP: 3/3
  1644 | D:3      | Reached XP level 5. HP: 34/42 MP: 4/4
  1695 | D:3      | Found a faded altar of an unknown god.
  1743 | D:3      | Noticed Robin
  1750 | D:3      | Reached skill level 7 in Long Blades
  1765 | D:3      | Killed Robin
  2545 | D:4      | Reached skill level 8 in Long Blades
  2637 | D:4      | Reached XP level 6. HP: 34/50 MP: 5/5
  2862 | D:4      | Got a polished ring mail
  2884 | D:4      | Identified the cursed +1 ring mail of Pifraw {rF++} (You
                  | found it on level 4 of the Dungeon)
  3023 | D:4      | Noticed Blork the orc
  3031 | D:4      | Killed Blork the orc
  3167 | D:4      | Found a radiant altar of Vehumet.
  3287 | D:5      | Entered Level 5 of the Dungeon
  3295 | D:5      | Reached skill level 9 in Long Blades
  3424 | D:5      | Reached XP level 7. HP: 49/56 MP: 6/6
  3507 | D:5      | Noticed Prince Ribbit
  3515 | D:5      | Reached skill level 10 in Long Blades
  3720 | D:5      | Killed Prince Ribbit
  3721 | D:5      | Slain by a centaur

Illustrated notes

Levels and vault maps discovered:
D:1:      dpeg_arrival_shelter, layout_loops_ring, serial_bayou_pond_a
D:2:      layout_basic, first_ration, serial_rivers,
          chequers_serial_rivers_micro_b, chequers_serial_rivers_small_3,
          chequers_serial_rivers_small_3, chequers_serial_rivers_small_3,
          chequers_serial_rivers_room_a, chequers_serial_rivers_micro_e
D:3:      layout_basic, chequers_ecumenical_altar_simple, uniq_robin
D:4:      layout_loops_cross, kennysheep_mini, uniq_blork_the_orc
D:5:      black_bear_nest_1, layout_loops_cross, uniq_prince_ribbit1

Skill      XL: |  1  2  3  4  5  6  7 |
---------------+----------------------+-----
Long Blades    | 4 5 6 8 9 10 | 10.7
Fighting       | |  2.4
Throwing       | |  2.0
Dodging        | |  3.2

Action                   |  1- 3 |  4- 6 |  7- 9 || total
-------------------------+-------+-------+-------++-------
Melee: Long sword        |    73 |    64 |       ||   137
       Headbutt          |    14 |    22 |     4 ||    40
       Scimitar          |       |    54 |    14 ||    68
  Use: Potion            |     6 |     3 |     1 ||    10
       Scroll            |     6 |     2 |     1 ||     9
 Stab: Sleeping          |     1 |       |       ||     1
       Distracted        |       |     1 |       ||     1
  Eat: Chunk             |       |     8 |     1 ||     9
Armor: Leather armour    |    18 |     4 |       ||    22
       Ring mail         |       |    20 |     5 ||    25
Dodge: Dodged            |    50 |    62 |     9 ||   121
       Rpst.: Long sword |    14 |     9 |       ||    23
       Scimitar          |       |     5 |     2 ||     7
